 Dungeon Crawl Stone Soup version 0.17.0-26-gececa24 (console) character file.

1171 gw the Quickloader (level 8, 44/72 HPs)
             Began as a Deep Dwarf Hunter on Nov 20, 2015.
             Quit the game on level 5 of the Dungeon.
             The game lasted 00:05:55 (3850 turns).

gw the Quickloader (Deep Dwarf Hunter)              Turns: 3850, Time: 00:05:56

Health: 44/72      AC:  8    Str: 15 (16) XL:     8   Next: 18%
Magic:  6/6        EV: 11    Int: 12      God:
Gold:   142        SH:  0    Dex: 15      Spells: 0 memorised, 7 levels left

rFire  . . .     SeeInvis .     a - +1 hand crossbow
rCold  . . .     Clarity  .     c - +4 ring mail
rNeg   . . .     SustAt   .     (no shield)
rPois  .         Gourm    .     k - +0 helmet
rElec  .         Spirit   .     (no cloak)
rCorr  .         Warding  .     (no gloves)
rMut   .         Stasis   .     (no boots)
MR     +....                    (no amulet)
Stlth  +.........               (no ring)
                                j - -3 ring of protection (curse)

@: non-regenerating, somewhat resistant to hostile enchantments, very unstealthy
A: damage resistance, recharge devices, sense surroundings 1, slow regeneration
3
a: Device Recharging


You were on level 5 of the Dungeon.
You were not hungry.

You visited 1 branch of the dungeon, and saw 5 of its levels.

You collected 142 gold pieces.

Inventory:

Hand Weapons
 a - a +1 hand crossbow (weapon)
 b - a +0 hand axe of pain
Missiles
 d - 48 bolts (quivered)
Armour
 c - a +4 ring mail (worn)
 k - a +0 helmet (worn)
Jewellery
 j - a cursed -3 ring of protection (left hand)
Wands
 e - a wand of heal wounds (7)
 q - a wand of fireball (5)
Scrolls
 h - 2 scrolls of amnesia
 i - 3 scrolls of identify
Potions
 n - a potion of agility {unknown}
Comestibles
 f - 5 bread rations
 g - a fruit
 l - a chunk of flesh
 m - 3 meat rations


   Skills:
 + Level 4.2 Fighting
 + Level 4.2 Axes
 * Level 8.0 Crossbows
 + Level 4.5 Armour
 - Level 2.1 Dodging
 - Level 1.2 Stealth
 - Level 1.8 Evocations


You had 7 spell levels left.
You didn't know any spells.

Dungeon Overview and Level Annotations

Branches:
Dungeon (5/15)
 Temple: D:4-7

Altars:
Ashenzari
Gozag
Okawaru
Sif Muna
Trog
Vehumet
Xom
The Shining One

Portals:
Abyss: D:1***


Innate Abilities, Weirdness & Mutations

You are resistant to damage.
You can recharge devices by infusing magical energy.
You passively map a small area around you.
You do not regenerate naturally.


Message History

Quiver which item? (- for none, * to show all) (? for menu, Esc to quit)
Reset crossbow quiver to default.
Really attack while wielding your +1 hand crossbow?
Okay, then.
Search for what [Enter for "altar&&makhleb|ru|yredelemnul&&!okawaru", or ? for help]? altar&&makhleb|ru|yredelemnul&&!okawaru Can't find anything matching that.
Okay, then.
Quiver which item? (- for none, * to show all) (? for menu, Esc to quit)
Reset crossbow quiver to default.
Really attack while wielding your +1 hand crossbow?
Okay, then.
Search for what [Enter for "altar&&makhleb|ru|yredelemnul&&!okawaru", or ? for help]? altar&&makhleb|ru|yredelemnul&&!okawaru Can't find anything matching that.
Okay, then.
Quiver which item? (- for none, * to show all) (? for menu, Esc to quit)
Reset crossbow quiver to default.
Really attack while wielding your +1 hand crossbow?
Okay, then.
Infinite lua loop detected, aborting.
Are you sure you want to abandon this character and quit the game? (Confirm with "yes".)

........>.( ,
##............).. * ,
...............# ,
*##.......b....)## ,,
................ . ,
####..)b........###
,...###.......#...###.#
........#.......# #.# ,,
...(..bg.%....## #.###
.../.....###..## #..## *
#........# #...# ##.##
*, *, #........#
#...#####.... *
.........###)#..##...#..
.........#...#.....##...
, *
............##.....#....
.........##.........(...
.......#....###.#...


There were no monsters in sight!

Table legend:
 A = Turns spent in this place as a percentage of turns spent in the entire game.
 B = Non-inter-level travel turns spent in this place as a percentage of non-inter-level travel turns spent in the entire game.
 C = Inter-level travel turns spent in this place as a percentage of turns spent in this place.
 D = Turns resting spent in this place as a percentage of non-inter-level travel turns spent in this place.
 E = Turns spent auto-exploring this place as a percentage of non-inter-level travel turns spent in this place.
 F = Non-inter-level travel turns spent in this place divided by the number of levels of this place that you've seen.
                   A       B       C       D       E      F
               +-------+-------+-------+-------+-------+----------------------
         Total | 100.0 | 100.0 |   0.2 |   0.0 |   3.4 | 2535.4
       Dungeon | 100.0 | 100.0 |   0.2 |   0.0 |   3.4 | 2535.4
               +-------+-------+-------+-------+-------+----------------------

Table legend:
 A = Kills in this place as a percentage of kills in entire the game.
 B = Kills by you in this place as a percentage of kills by you in the entire game.
 C = Kills by friends in this place as a percentage of kills by friends in the entire game.
 D = Other kills in this place as a percentage of other kills in the entire game.
 E = Experience gained in this place as a percentage of experience gained in the entire game.
 F = Experience gained in this place divided by the number of levels of this place that you have seen.
                   A       B       C       D       E      F
               +-------+-------+-------+-------+-------+----------------------
         Total | 100.0 | 100.0 |  -nan |  -nan | 100.0 | 334.6
       Dungeon | 100.0 | 100.0 |  -nan |  -nan | 100.0 | 334.6
               +-------+-------+-------+-------+-------+----------------------

Vanquished Creatures
  Sigmund (D:3)
  2 ice beasts (D:5)
  A necrophage (D:5)
  A phantom (D:4)
  A centaur (D:5)
  A scorpion (D:4)
  An orc priest (D:4)
  A hound (D:4)
  A jelly (D:5)
  A centaur skeleton (D:4)
  2 orc wizards
  An iguana (D:5)
  Jessica (D:2)
  3 worker ants (D:4)
  A hound zombie (D:5)
  Robin (D:2)
  8 adders
  An ooze (D:2)
  An adder skeleton (D:4)
  5 worms
  A giant gecko (D:4)
  11 orcs
  2 ball pythons
  3 giant cockroaches
  10 hobgoblins
  A jackal (D:2)
  10 kobolds
  A quokka (D:2)
  13 bats
  6 giant newts
  17 goblins
  9 rats
119 creatures vanquished.

Notes
Turn   | Place    | Note
--------------------------------------------------------------
     0 | D:1      | gw the Deep Dwarf Hunter began the quest for the Orb.
     0 | D:1      | Reached XP level 1. HP: 19/19 MP: 1/1
   187 | D:1      | Reached XP level 2. HP: 26/26 MP: 2/2
   282 | D:1      | Reached skill level 1 in Evocations
   788 | D:2      | Reached skill level 1 in Axes
   788 | D:2      | Reached XP level 3. HP: 25/32 MP: 4/4
   833 | D:2      | Reached skill level 1 in Armour
  1055 | D:2      | Reached skill level 5 in Crossbows
  1227 | D:2      | Noticed Jessica
  1233 | D:2      | Killed Jessica
  1233 | D:2      | Reached XP level 4. HP: 24/40 MP: 5/5
  1255 | D:2      | Found a deep blue altar of Sif Muna.
  1260 | D:2      | Found a shattered altar of Ashenzari.
  1262 | D:2      | Found an opulent altar of Gozag.
  1262 | D:2      | Found a glowing golden altar of the Shining One.
  1262 | D:2      | Found an iron altar of Okawaru.
  1349 | D:2      | Noticed Robin
  1377 | D:2      | Killed Robin
  1522 | D:2      | Reached XP level 5. HP: 24/46 MP: 6/6
  1902 | D:2      | You fall through a shaft!
  1948 | D:3      | Found a faded altar to an unknown god.
  1961 | D:3      | Found a shimmering altar of Xom.
  2165 | D:3      | Noticed Sigmund
  2205 | D:3      | Killed Sigmund
  2205 | D:3      | Reached skill level 6 in Crossbows
  2205 | D:3      | Reached XP level 6. HP: 40/56 MP: 7/7
  2360 | D:3      | Found a radiant altar of Vehumet.
  2877 | D:4      | Reached XP level 7. HP: 46/62 MP: 7/7
  3225 | D:4      | Reached skill level 7 in Crossbows
  3599 | D:5      | Entered Level 5 of the Dungeon
  3626 | D:5      | Found a bloodstained altar of Trog.
  3774 | D:5      | Reached XP level 8. HP: 45/72 MP: 7/7
  3798 | D:5      | Reached skill level 8 in Crossbows
  3850 | D:5      | Quit the game

Action                   |  1- 3 |  4- 6 |  7- 9 || total
-------------------------+-------+-------+-------++-------
Melee: Short sword       |     2 |       |       ||     2
       Hand axe          |    54 |   200 |   170 ||   424
 Fire: Hand crossbow     |    48 |    51 |    29 ||   128
 Abil: Device Recharging |       |     1 |     2 ||     3
Evoke: Wand              |       |     8 |     6 ||    14
  Use: Scroll            |     3 |     4 |     2 ||     9
       Potion            |     2 |     1 |     2 ||     5
 Stab: Sleeping          |       |       |     1 ||     1
  Eat: Chunk             |     1 |     5 |     4 ||    10

Vault maps used:
D:1:      minmay_arrival_glassed_features
D:2:      forest_paths, minitemple, uniq_robin, uniq_jessica
D:3:      lemuel_round_altar, nicolae_overflow_crystal_walls, first_bread,
          ecumenical_altar_2, uniq_sigmund
D:4:      gup_sewer_entry_bowl
D:5:      bloody_trog, minmay_temple_entry_butterflies
